 Dungeon Crawl Stone Soup version 0.22.1-1-ga44c0e5 (webtiles) character file.

20 inc the Ducker (level 2, 0/14 HPs)
             Began as a Felid Monk on Oct 28, 2018.
             Slain by a hobgoblin
             ... wielding a +0 club
              (3 damage)
             ... on level 1 of the Dungeon.
             The game lasted 00:00:47 (783 turns).

inc the Ducker (Felid Monk)                          Turns: 783, Time: 00:00:47

Health: 0/14       AC:  1    Str:  7    XL:     2   Next: 58%
Magic:  3/3        EV: 20    Int: 11    God:
Gold:   54         SH:  0    Dex: 18    Spells: 1/1 levels left
                                        Lives:  0   Deaths: 0

rFire    . . .     SeeInvis +     - Unarmed
rCold    . . .     Gourm    .   (shield unavailable)
rNeg     . . .     Faith    .   (armour unavailable)
rPois    .         Spirit   .   (helmet unavailable)
rElec    .         Reflect  .   (cloak unavailable)
rCorr    .         Harm     .   (gloves unavailable)
MR       .....                  (boots unavailable)
Stlth    +++.......             (no amulet)
HPRegen  0.04/turn              (no ring)
MPRegen  0.08/turn              (no ring)

@: quick
A: very small, no armour, no weapons or thrown items, stealth, claws 1, fangs 3,
see invisible, carnivore, speed 1, shaggy fur 1, slow metabolism 1, sharp paws
a: no special abilities


You were on level 1 of the Dungeon.
You were not hungry.

You visited 1 branch of the dungeon, and saw 2 of its levels.

You collected 54 gold pieces.

Inventory:

Jewellery
 k - an uncursed amulet of magic regeneration {unknown}
Scrolls
 c - a scroll of immolation {unknown}
 h - a scroll of teleportation {unknown}
 j - a scroll of identify {unknown}
 l - a scroll of remove curse {unknown}
Potions
 b - 3 potions of heal wounds {unknown}
 d - a potion of haste {unknown}
 e - 2 potions of lignification {unknown}
 f - a potion of brilliance {unknown}
 g - a potion of degeneration {unknown}
 i - a potion of invisibility {unknown}
Comestibles
 a - a ration


   Skills:
 - Level 3.1 Fighting
 + Level 4.8 Dodging
 - Level 2.8 Stealth
 - Level 3.1 Unarmed Combat


You had one spell level left.
You didn't know any spells.
Your spell library was empty.

Dungeon Overview and Level Annotations

Branches:
Dungeon (2/15)

Altars:


Innate Abilities, Weirdness & Mutations

You cannot wear armour.
You are incapable of wielding weapons or throwing items.
Your paws allow you to move quietly. (Stealth)
You have sharp claws.
You have razor-sharp teeth.
You have supernaturally acute eyesight. (SInv)
You are carnivorous and can eat meat at any time.
You cover ground quickly.
You are covered in fur. (AC +1)
You have a slow metabolism.
Your sharp claws are effective at attacking unaware monsters.


Message History

The hobgoblin barely misses you. The kobold misses you.
You climb upwards.
There is a stone staircase leading down here.
Unknown command.
You closely miss the kobold.
The kobold is severely wounded.
The hobgoblin misses you. The kobold closely misses you.
You barely miss the kobold.
The kobold is severely wounded.
The hobgoblin completely misses you.
You closely miss the kobold.
The kobold is severely wounded.
The kobold misses you. The hobgoblin hits you with a club.
* * * LOW HITPOINT WARNING * * *
You scratch the kobold.
You kill the kobold!
You scratch the hobgoblin.
The hobgoblin is heavily wounded.
The hobgoblin hits you with a club.
You die...

#...........#..# #.#########.#..#
#.#########.#..# ### ###
#.#.........#..# ####.# ..#
#.#########†#..#####....# ..#
#.###########...........#
..####...........#.######....#
.....#†#.#######)#.# #....#
.....#.#.......#@#.######....#
.....#†#######.#g#......#....#
...>.'...........#......#....####
.....#.###..............'........
.....#.###.....#........####.####
.....#.........#.##..............
.....#.#.......#.##..........####
.......#.#..(....#####...........
#+#.##.#.#.#...### #........#..


You could see a hobgoblin.

Vanquished Creatures
  4 bats (D:1)
  5 giant cockroaches
  3 hobgoblins (D:1)
  3 goblins
  3 kobolds (D:1)
  A rat (D:1)
19 creatures vanquished.

Notes
Turn   | Place    | Note
-------+----------+-------------------------------------------
     0 | D:1      | inc the Felid Monk began the quest for the Orb.
     0 | D:1      | Reached XP level 1. HP: 10/10 MP: 2/2
   361 | D:1      | Reached XP level 2. HP: 14/14 MP: 3/3
   783 | D:1      | Slain by a hobgoblin

Action                   || total
-------------------------++-------
Melee: Unarmed           ||    40
       Bite              ||     3
 Stab: Sleeping          ||     8
Armor: Skin              ||     3
Dodge: Dodged            ||    26
